 Dungeon Crawl Stone Soup version 0.30-a0-782-ge64f9170bb (webtiles) character file.

Game seed: 13318806071145399967

23 Barriton the Firebug (level 2, -1/20 HPs)
             Began as a Draconian Fire Elementalist on Mar 15, 2023.
             Slain by a worm (4 damage)
             ... on level 2 of the Dungeon.
             The game lasted 00:01:51 (1147 turns).

Barriton the Firebug (Draconian Fire Elementalist)  Turns: 1147, Time: 00:01:52

Health: -1/20      AC:  4    Str: 10    XL:     2   Next: 72%
Magic:  1/5        EV: 12    Int: 15    God:
Gold:   50         SH:  0    Dex: 11    Spells: 4/5 levels left

rFire   . . .      SeeInvis .    (no weapon)
rCold   . . .      Faith    .    (no shield)
rNeg    . . .      Spirit   .    (body armour unavailable)
rPois   .          Reflect  .    (helmet restricted)
rElec   .          Harm     .    (no cloak)
rCorr   .          Rampage  .    (no gloves)
Will    .....                    (no boots)
Stlth   ++                       (no amulet)
HPRegen 0.23/turn                (no ring)
MPRegen 0.09/turn                (no ring)

@: no status effects
A: AC +4, unfitting armour, cold-blooded
a: no special abilities


You were on level 2 of the Dungeon.
You visited 1 branch of the dungeon, and saw 2 of its levels.

You collected 50 gold pieces.

Inventory:

Potions
 a - a potion of magic
 c - a potion of heal wounds
 d - a potion of flight
 e - 2 potions of curing
 f - a potion of brilliance
 i - a potion of might


   Skills:
 + Level 1.9 Dodging
 + Level 1.8 Stealth
 + Level 2.3 Spellcasting
 + Level 1.5 Conjurations
 + Level 3.4 Fire Magic


You had 4 spell levels left.
You knew the following spells:

 Your Spells              Type           Power      Damage    Failure   Level
a - Foxfire               Conj/Fire      36%        2x1d5     8%          1

Your spell library contained the following spells:

 Spells                   Type           Power      Damage    Failure   Level
 Scorch                   Fire           24%        2d6       8%          2
 Momentum Strike          Conj/Tloc      8%         3d8       24%         2
 Blink                    Tloc           2%         N/A       32%         2
 Lesser Beckoning         Tloc           2%         N/A       32%         2
 Inner Flame              Hex/Fire       6%         N/A       32%         3
 Kindle Blastsparks       Fire/Tloc/Air  10%        2d10      38%         3
 Ozocubu's Armour         Ice            1%         N/A       54%         3
 Flame Wave               Conj/Fire      9%         2d6       61%         4
 Ice Form                 Ice/Tmut       1%         N/A       91%         4
 Summon Ice Beast         Ice/Summ       1%         N/A       91%         4
 Necromutation            Tmut/Necr      0%         N/A       100%        8


Dungeon Overview and Level Annotations

Branches:
Dungeon (2/15)

Altars:


Innate Abilities, Weirdness & Mutations

Your plain brown scales are hard. (AC +4)
You cannot fit into any form of body armour.
You are cold-blooded and may be slowed by cold attacks.


Message History

The worm is moderately wounded.
The worm closely misses you.
You are too injured to fight recklessly!
Casting: Foxfire (safe; 8% risk of failure)
Confirm with . or Enter, or press ? or * to list all spells.
You miscast Foxfire.
You are very lightly contaminated with residual magic.
Nothing appears to happen.
Unknown command.
You barely miss the worm. You punch the worm.
The worm is moderately wounded.
You hit the worm but do no damage.
The worm is moderately wounded.
The worm bites you.
You hit the worm.
Your tail-slap misses the worm.
The worm is heavily wounded.
A ball python comes into view.
The worm bites you.
The ball python moves out of view.
You barely miss the worm.
The worm is moderately wounded.
You hit the worm but do no damage.
The worm is moderately wounded.
The worm barely misses you.
You hit the worm.
The worm is moderately wounded.
Your magical contamination has completely faded away.
You hit the worm.
The worm is heavily wounded.
The worm bites you.
* * * LOW HITPOINT WARNING * * *
You hit the worm.
The worm is heavily wounded.
The worm barely misses you.
The ball python hisses angrily.
You hit the worm.
Your tail-slap misses the worm.
The worm is heavily wounded.
You hit the worm.
The worm is severely wounded.
The worm bites you.
You die...

##### #..<# #
###(##
..#.#...#######.#
.................
##..#......####.
#. ##.#.#.# ..
...#@..# #
######w##
........S......
......#.#......
#.............#
.#... #.# ...#.
#### #.# #### .##
#


You could see a worm and a ball python.

Vanquished Creatures
  An endoplasm (D:1)
  4 hobgoblins (D:1)
  2 quokkas
  A ball python (D:1)
  3 bats (D:1)
  2 frilled lizards (D:1)
  5 goblins (D:1)
  3 kobolds (D:1)
21 creatures vanquished.

Vanquished Creatures (others)
  68 foxfires
68 creatures vanquished.

Grand Total: 89 creatures vanquished

Notes
Turn   | Place    | Note
-------+----------+-------------------------------------------
     0 | D:1      | Barriton the Draconian Fire Elementalist began the quest
                  | for the Orb.
     0 | D:1      | Reached XP level 1. HP: 14/14 MP: 3/3
   111 | D:1      | Got Gampae's Folio of the Rotting Tundra
   462 | D:1      | Reached XP level 2. HP: 20/20 MP: 0/5
  1147 | D:2      | Slain by a worm

Illustrated notes

Levels and vault maps discovered:
D:1:      co_arrival_random_square_maze, layout_loops_ring
D:2:      wad_river_or_something, layout_basic, st_stairs_13,
          chequers_serial_rivers_large_b

Action                     || total
---------------------------++-------
  Melee: Unarmed           ||    36
         Tailslap          ||     5
         Punch             ||     2
   Cast: Foxfire           ||    41
    Use: Scroll            ||     7
 Armour: Skin              ||     7
  Dodge: Dodged            ||    22

Table legend: (Time is in decaauts)
 A = Elapsed time spent in this place.
 B = Non-inter-level travel time spent in this place.
 C = Inter-level travel time spent in this place.
 D = Time resting spent in this place.
 E = Time spent auto-exploring this place.
 F = Levels seen in this place.
 G = Mean time per level.
                   A        B        C        D        E       F      G
               +--------+--------+--------+--------+--------+-----+--------+
         Total |   1147 |   1122 |     25 |      0 |    957 |   2 |  573.5 |
       Dungeon |   1147 |   1122 |     25 |      0 |    957 |   2 |  573.5 |
               +--------+--------+--------+--------+--------+-----+--------+

Top non-repeatable levels by time:
     D:1: 1115 daAuts
     D:2: 31 daAuts
